 Dungeon Crawl Stone Soup version 0.32-a0-705-g60f233581c (webtiles) character file.

Game seed: 15538572914738823506

30366 shadizar the Thaumaturge (level 13, -7/101 HPs)
             Began as a Djinni Hedge Wizard on Mar 14, 2024.
             Was a High Priest of Makhleb.
             Mangled by a tengu reaver
             ... wielding a +0 great mace
              (23 damage)
             ... on level 12 of the Dungeon.
             The game lasted 00:34:49 (13998 turns).

shadizar the Thaumaturge (Djinni Hedge Wizard)     Turns: 13998, Time: 00:34:49

Health: -7/101     AC: 12    Str:  9    XL:     13   Next: 88%
Gold:   1088       EV: 14    Int: 19    God:    Makhleb [*****.] SH: 15 Dex: 15

rFire   + . .        q - staff of cold
rCold   + + .        o - +1 tower shield {rC+}
rNeg    . . .        r - +0 acid dragon scales
rPois   ∞            m - +2 helmet
rElec   .            (no cloak)
rCorr   +            d - +1 pair of gloves
SInv    .            (boots unavailable)
Will    +....        E - amulet of regeneration
Stlth   ++           a - +5 ring of evasion
HPRegen 1.16/turn    K - ring of ice
MPRegen 0.00/turn

%: infuse magic (-8 HP)
@: freezing walls, flying, studying Throwing
A: sickness immunity, fire resistance 2, cold vulnerability 1, float, innate
caster, HP casting, extra vitality 1
a: Renounce Religion, Minor Destruction, Lesser Servant of Makhleb, Major
Destruction, Greater Servant of Makhleb


You were on level 12 of the Dungeon.
You worshipped Makhleb.
Makhleb was extremely pleased with you.
You visited 2 branches of the dungeon, and saw 13 of its levels.
You also visited: Ice Cave.

You collected 1088 gold pieces.

Inventory:

Hand Weapons
 e - a +3 heavy spear
Armour
 b - a +0 robe
 d - a +1 pair of gloves (worn)
 m - a +2 helmet (worn)
 o - a +1 tower shield of cold resistance (worn)
 r - +0 acid dragon scales (worn)
 u - +0 fire dragon scales
 v - a +1 scale mail of cold resistance
 y - a +0 kite shield
Magical Staves
 q - a staff of cold (weapon)
 F - a staff of earth
Jewellery
 a - a +5 ring of evasion (left hand)
 c - a ring of resist corrosion
 x - a ring of protection from cold
 E - an amulet of regeneration (around neck)
 K - a ring of ice (right hand)
 L - the ring of Ihueboapt {rElec rPois Int-4 Dex+6 Stlth+}
   (You found it on level 9 of the Dungeon)

   [ring of dexterity]

   Int-4:     It affects your intelligence (-4).
   Dex+6:     It affects your dexterity (+6).
   rElec:     It insulates you from electricity.
   rPois:     It protects you from poison.
   Stlth+:    It makes you more stealthy.
Wands
 i - a wand of quicksilver (5)
 z - a wand of flame (43)
 D - a wand of charming (7)
 I - a wand of digging (6)
 J - a wand of iceblast (2)
 M - a wand of polymorph (10)
Scrolls
 f - 5 scrolls of teleportation
 g - 4 scrolls of identify
 h - a scroll of blinking
 j - 2 scrolls of enchant weapon
 k - a scroll of fear
 s - 2 scrolls of poison
Potions
 l - a potion of heal wounds
 n - 3 potions of brilliance
 p - a potion of curing
 t - 2 potions of enlightenment
 w - 3 potions of haste


   Skills:
 + Level 12.0 Fighting
 - Level 4.2 Armour
 - Level 8.0 Dodging
 - Level 1.5 Stealth
 - Level 7.0 Shields
 + Level 12.9 Spellcasting
 + Level 12.9 Conjurations
 + Level 12.9 Hexes
   Level 0.0 Charms
 + Level 12.9 Summonings
 + Level 12.9 Necromancy
 + Level 12.9 Translocations
   Level 0.0 Transmutations
 + Level 12.9 Fire Magic
 + Level 12.9 Ice Magic
 + Level 12.9 Air Magic
 + Level 12.9 Earth Magic
 + Level 12.9 Alchemy


You knew the following spells:

 Your Spells              Type           Power      Damage    Failure   Level
a - Magic Dart            Conj           100%       1d8       1%          1
b - Slow                  Hex            100%       N/A       1%          1
c - Blink                 Tloc           100%       N/A       1%          2
d - Call Imp              Summ           100%       N/A       1%          2
e - Mephitic Cloud        Conj/Alch/Air  57%        N/A       2%          3
f - Summon Small Mammal   Summ           100%       N/A       1%          1
g - Static Discharge      Conj/Air       100%       3-8/arc   1%          2
h - Frozen Ramparts       Ice            100%       1d16      2%          3
i - Passwall              Erth           57%        N/A       2%          3
j - Passage of Golubria   Tloc           57%        N/A       10%         4
k - Curse of Agony        Necr           57%        N/A       26%         5
Your spell library was empty.

Dungeon Overview and Level Annotations

Branches:
Dungeon (12/15)            Temple (1/1) D:4            Lair (0/5) D:8
    Orc (0/2) D:12          IceCv (visited)

Altars:
Ashenzari
Cheibriados
Dithmenos
Elyvilon
Fedhas
Hepliaklqana
Makhleb
Nemelex Xobeh
Okawaru
Qazlal
Ru
Trog
Uskayaw
Wu Jian
Xom
Yredelemnul
Zin
Beogh

Shops:
D:1 :   D:9 (


Innate Abilities, Weirdness & Mutations

You are immune to sickness and miasma.
You are immune to poison.
Your flesh is very heat resistant. (rF++)
You are vulnerable to cold. (rC-)
You float through the air rather than walking.
You learn spells naturally, not from books.
Your magical power is your life essence.
You have superior vitality. (+4 MHP)


Message History

Aim: a great orb of eyes (noxious fumes, almost dead, chance to affect: 39%)
The ball explodes into a vile cloud!
The stinking cloud engulfs the great orb of eyes.
The great orb of eyes is almost dead.
The stinking cloud engulfs you.
* * * LOW HITPOINT WARNING * * *
You hear two shouts!
The great orb of eyes is engulfed in noxious fumes.
The great orb of eyes appears confused.
The wall freezes the great orb of eyes!
You kill the great orb of eyes!
Makhleb accepts your kill.
You feel better.
The tengu reaver is engulfed in noxious fumes.
The wall freezes the tengu reaver.
The tengu reaver hits you with a +0 great mace!
* * * LOW HITPOINT WARNING * * *
The tengu reaver pecks you but does no damage.
You block the tengu reaver's attack.
Your Fighting skill increases to level 12!
Unknown command.
Unknown command.
Unknown command.
Unknown command.
Unknown command.
Unknown command.
Unknown command.
Unknown command.
Unknown command.
Casting: Mephitic Cloud (mildly dangerous; 2% risk of failure)
Confirm with . or Enter, or press ? or * to list all spells.
The tengu reaver is struck by an arc of lightning.
The tengu reaver is heavily wounded.
You are struck by an arc of lightning.
The tengu reaver is struck by an arc of lightning.
The tengu reaver is severely wounded.
The lightning grounds out.
* * * LOW HITPOINT WARNING * * *
The wall freezes the tengu reaver!
The tengu reaver hits you with a +0 great mace!!
You die...

############..........#
#...).........##......#
#
#..#####.........######
# #........#######)#
#######.##############.#
........#..).####...##.#
#######.#.....§§###..#.#
# #.#.....§○)Q##...#
#### #.# ' ##@####..#
##.# #.# #...#.#..##
...# #.# ##..'.##..#
##.###..#
##.#..#..######
........# ###.)#>......#
###..#.># #..##......# #
##....# #...#......#
###.....# #...##.....#
......#.# #...##.....#


You could see a tengu reaver (repels missiles, confused).

Vanquished Creatures
  A reaper (IceCv)
  A fire dragon (D:12)
  An ettin (D:12)
  Josephine (D:12)
  Harold (D:11)
  A great orb of eyes (D:12)
  2 boulder beetles (D:12)
  A two-headed ogre (D:12)
  A manticore (D:12)
  3 ugly things (D:12)
  Maurice (D:7)
  2 gargoyles
  2 unseen horrors
  Psyche (D:12)
  3 anaconda simulacra (IceCv)
  Prince Ribbit (D:8)
  6 trolls
  A hornet (D:10)
  7 slime creatures
  2 ynoxinuls (D:9)
  A dire elephant simulacrum (IceCv)
  12 yaks
  5 wraiths
  A basilisk (D:8)
  3 wyverns
  Grum (D:9)
  3 vampire mosquitoes (D:12)
  Edmund (D:4)
  2 death yak simulacra (IceCv)
  4 acid dragons
  A harpy simulacrum (IceCv)
  2 hydra simulacra (IceCv)
  Duvessa (D:7)
  5 water moccasins
  2 orc warriors (D:7)
  A laughing skull (D:12)
  An ice beast (D:8)
  A black bear (D:4)
  5 centaurs
  4 wolves (D:9)
  A phantom (D:3)
  A kobold brigand (D:8)
  2 bullfrogs
  A gnoll sergeant (D:8)
  7 two-headed ogre simulacra (IceCv)
  2 scorpions
  22 wights
  Dowan (D:7)
  2 elephant simulacra (IceCv)
  12 killer bees
  7 howler monkeys
  4 bombardier beetles
  4 hounds
  3 orc priests
  4 jellies
  2 iguanas (D:6)
  8 orc wizards
  Ijyb (D:5)
  2 polar bear simulacra (IceCv)
  6 troll simulacra (IceCv)
  6 spriggan simulacra (IceCv)
  3 wolf simulacra (IceCv)
  8 gnolls
  7 naga simulacra (IceCv)
  5 adders
  17 white imps
  11 ufetubi
  2 ribbon worms
  4 dart slugs
  39 orcs
  8 ball pythons
  7 endoplasms
  4 giant cockroaches
  10 goblins
  9 hobgoblins
  4 jackals (D:3)
  5 quokkas
  5 bats
  2 frilled lizards
  13 kobolds
  7 rats
363 creatures vanquished.

Vanquished Creatures (collateral kills)
  An acid dragon (D:8)
1 creature vanquished.

Grand Total: 364 creatures vanquished

Notes
Turn   | Place    | Note
-------+----------+-------------------------------------------
     0 | D:1      | shadizar the Djinni Hedge Wizard began the quest for the
                  | Orb.
     0 | D:1      | shadizar set off with the following spells memorised: Magic
                  | Dart, Slow, Blink, Call Imp, Mephitic Cloud.
     0 | D:1      | Reached XP level 1. HP: 15/15 MP: 0/0
   178 | D:1      | Found Limyt Watiz's Vocational Training.
   211 | D:1      | Reached XP level 2. HP: 20/21 MP: 0/0
   510 | D:1      | Reached XP level 3. HP: 24/25 MP: 0/0
   510 | D:1      | Learned a level 1 spell: Summon Small Mammal
   566 | D:1      | Found a faded altar of an unknown god.
  1200 | D:2      | Reached XP level 4. HP: 29/31 MP: 0/0
  1918 | D:3      | Reached XP level 5. HP: 7/35 MP: 0/0
  1918 | D:3      | Learned a level 2 spell: Static Discharge
  2341 | D:3      | Noticed a phantom
  2350 | D:3      | Killed a phantom
  2351 | D:3      | Reached skill level 5 in Spellcasting
  2351 | D:3      | Reached skill level 5 in Conjurations
  2351 | D:3      | Reached skill level 5 in Hexes
  2351 | D:3      | Reached skill level 5 in Summonings
  2351 | D:3      | Reached skill level 5 in Necromancy
  2351 | D:3      | Reached skill level 5 in Translocations
  2351 | D:3      | Reached skill level 5 in Fire Magic
  2351 | D:3      | Reached skill level 5 in Ice Magic
  2351 | D:3      | Reached skill level 5 in Air Magic
  2351 | D:3      | Reached skill level 5 in Earth Magic
  2351 | D:3      | Reached skill level 5 in Alchemy
  2351 | D:3      | Reached XP level 6. HP: 32/40 MP: 0/0
  3237 | D:4      | Reached XP level 7. HP: 19/45 MP: 0/0
  3237 | D:4      | Learned a level 3 spell: Frozen Ramparts
  3534 | D:4      | Noticed Edmund
  3805 | D:4      | Found a staircase to the Ecumenical Temple.
  3817 | Temple   | Entered the Ecumenical Temple
  3830 | Temple   | Became a worshipper of Makhleb the Destroyer
  3958 | D:4      | Killed Edmund
  4515 | D:5      | Entered Level 5 of the Dungeon
  4515 | D:5      | Noticed Ijyb
  4523 | D:5      | Killed Ijyb
  4526 | D:5      | Reached XP level 8. HP: 35/50 MP: 0/0
  4715 | D:5      | Found a snail-covered altar of Cheibriados.
  5195 | D:6      | Reached skill level 1 in Fighting
  5195 | D:6      | Reached skill level 1 in Shields
  6218 | D:7      | Reached XP level 9. HP: 51/59 MP: 0/0
  6218 | D:7      | Learned a level 3 spell: Passwall
  6250 | D:7      | Noticed Dowan
  6253 | D:7      | Noticed Duvessa
  6257 | D:7      | Killed Dowan
  6267 | D:7      | Killed Duvessa
  6479 | D:7      | HP: 3/61 [yak (14)]
  6785 | D:7      | Reached skill level 5 in Dodging
  6786 | D:7      | Reached * piety under Makhleb
  6815 | D:7      | Found a sparkling altar of Nemelex Xobeh.
  6815 | D:7      | Found a broken altar of Ashenzari.
  6897 | D:7      | Noticed Maurice
  7084 | D:7      | Killed Maurice
  7269 | D:7      | Reached XP level 10. HP: 31/69 MP: 0/0
  8000 | D:8      | Reached skill level 5 in Fighting
  8000 | D:8      | Reached skill level 5 in Shields
  8189 | D:8      | Reached ** piety under Makhleb
  8276 | D:8      | Found a staircase to the Lair.
  8349 | D:8      | Reached skill level 10 in Spellcasting
  8349 | D:8      | Reached skill level 10 in Conjurations
  8349 | D:8      | Reached skill level 10 in Hexes
  8349 | D:8      | Reached skill level 10 in Summonings
  8349 | D:8      | Reached skill level 10 in Necromancy
  8349 | D:8      | Reached skill level 10 in Translocations
  8349 | D:8      | Reached skill level 10 in Fire Magic
  8349 | D:8      | Reached skill level 10 in Ice Magic
  8349 | D:8      | Reached skill level 10 in Air Magic
  8349 | D:8      | Reached skill level 10 in Earth Magic
  8349 | D:8      | Reached skill level 10 in Alchemy
  8516 | D:8      | Found an ornate altar of the Wu Jian Council.
  8873 | D:8      | Reached XP level 11. HP: 73/75 MP: 0/0
  8873 | D:8      | Learned a level 4 spell: Passage of Golubria
  8936 | D:8      | Noticed Prince Ribbit
  8948 | D:8      | Killed Prince Ribbit
  9165 | D:9      | Found Fajew's Antique Weapon Shoppe.
  9213 | D:9      | Found a hazy altar of Hepliaklqana.
  9488 | D:9      | Identified the ring of Ihueboapt {rElec rPois Int-4 Dex+6
                  | Stlth+}
  9603 | D:9      | Noticed Grum
  9613 | D:9      | Reached *** piety under Makhleb
  9617 | D:9      | Killed Grum
 10093 | D:9      | Reached XP level 12. HP: 86/86 MP: 0/0
 10127 | D:10     | Entered Level 10 of the Dungeon
 10649 | D:11     | Reached **** piety under Makhleb
 10969 | D:11     | Noticed Harold
 10988 | D:11     | Killed Harold
 11405 | D:12     | Noticed a boulder beetle
 11456 | D:12     | Reached XP level 13. HP: 83/96 MP: 0/0
 11456 | D:12     | Learned a level 5 spell: Curse of Agony
 11476 | D:12     | Reached skill level 10 in Fighting
 11515 | D:12     | Found a staircase to the Orcish Mines.
 11607 | D:12     | Found a roughly hewn altar of Beogh.
 11629 | D:12     | Noticed Psyche
 11647 | D:12     | Killed Psyche
 11750 | D:12     | Reached ***** piety under Makhleb
 11938 | D:12     | Found a frozen archway.
 11950 | IceCv    | Entered an ice cave
 13395 | IceCv    | Noticed a reaper
 13440 | IceCv    | Killed a reaper
 13769 | D:12     | Noticed Josephine
 13781 | D:12     | Killed Josephine
 13837 | D:12     | Noticed a fire dragon
 13848 | D:12     | Killed a fire dragon
 13977 | D:12     | Noticed a great orb of eyes
 13977 | D:12     | Noticed an ettin
 13980 | D:12     | Noticed a tengu reaver
 13993 | D:12     | Killed an ettin
 13997 | D:12     | Killed a great orb of eyes
 13998 | D:12     | Mangled by a tengu reaver

Illustrated notes

Levels and vault maps discovered:
D:1:      dpeg_arrival_boxes_within_box, layout_rooms,
          dilly_ecumenical_altar_fadedgnrine, serial_bayou_pond_b, minivault_24,
          minmay_misc_feat_five, nicolae_shop_vocational
D:2:      layout_rooms
D:3:      layout_basic, cheibrodos_sewer_entry_bend
D:4:      layout_basic, minmay_temple_entry_ruins, uniq_edmund
D:5:      layout_cave_pools, slow_altar_2, uniq_ijyb
D:6:      layout_layer_cave
D:7:      layout_gridville, chequers_temple_overflow_statue_of_worship,
          uniq_maurice, uniq_duvessa
D:8:      layout_basic, nicolae_overflow_hidden_temple, minmay_lair_entry_grove,
          hangedman_decor_push, hangedman_glass_teeth,
          chequers_serial_rivers_micro_e, uniq_prince_ribbit1
D:9:      layout_irregular_city, general_overflow_altar, serial_shops, shop,
          nicolae_fort_ynox, uniq_grum
D:10:     layout_rooms
D:11:     layout_gridville, uniq_harold
D:12:     minmay_sliced_demisemicircle, layout_rooms,
          minmay_orc_entry_temple_small, portal_ice_cave_entry_imps,
          minmay_circle_x, uniq_psyche, uniq_josephine
Temple:   eino_temple_lava

Skill      XL: |  1  2  3  4  5  6  7  8  9 10 11 12 13 |
---------------+----------------------------------------+-----
Spellcasting   | 4 5 6 7 8 10 11 12 | 12.9
Conjurations   | 4 5 6 7 8 10 11 12 | 12.9
Hexes          | 4 5 6 7 8 10 11 12 | 12.9
Summonings     | 4 5 6 7 8 10 11 12 | 12.9
Necromancy     | 4 5 6 7 8 10 11 12 | 12.9
Translocations | 4 5 6 7 8 10 11 12 | 12.9
Fire Magic     | 4 5 6 7 8 10 11 12 | 12.9
Ice Magic      | 4 5 6 7 8 10 11 12 | 12.9
Air Magic      | 4 5 6 7 8 10 11 12 | 12.9
Earth Magic    | 4 5 6 7 8 10 11 12 | 12.9
Alchemy        | 4 5 6 7 8 10 11 12 | 12.9
Fighting       | 2 4 5 8 9 12 | 12.0
Shields        | 2 4 5 6 7 |  7.0
Dodging        | 3 5 6 7 8 |  8.0
Armour         | 4 |  4.2
Stealth        | |  1.5

Action                     |  1- 3 |  4- 6 |  7- 9 | 10-12 | 13-15 || total
---------------------------+-------+-------+-------+-------+-------++-------
  Melee: Staff             |       |       |       |     2 |     2 ||     4
   Cast: Magic Dart        |    93 |   162 |   237 |   468 |   287 ||  1247
         Mephitic Cloud    |       |     7 |    26 |    14 |    17 ||    64
         Summon Small Mamm |       |     1 |       |       |       ||     1
         Static Discharge  |       |       |     3 |     5 |   169 ||   177
         Frozen Ramparts   |       |       |    17 |    59 |    45 ||   121
         Call Imp          |       |       |     1 |     5 |     1 ||     7
         Passage of Golubr |       |       |       |     1 |       ||     1
         Curse of Agony    |       |       |       |       |     3 ||     3
         Slow              |       |       |       |       |     1 ||     1
  Evoke: Wand              |       |       |       |       |     5 ||     5
    Use: Potion            |       |       |       |     4 |     8 ||    12
         Scroll            |       |       |       |    20 |     2 ||    22
 Armour: Robe              |    13 |    28 |    43 |   127 |   313 ||   524
         Acid dragon scale |       |       |       |       |    46 ||    46
  Dodge: Dodged            |    11 |    26 |    25 |   139 |   130 ||   331
  Block: Kite shield       |       |       |    32 |   120 |    56 ||   208
         Tower shield      |       |       |       |       |   139 ||   139

Table legend: (Time is in decaauts)
 A = Elapsed time spent in this place.
 B = Non-inter-level travel time spent in this place.
 C = Inter-level travel time spent in this place.
 D = Time resting spent in this place.
 E = Time spent auto-exploring this place.
 F = Levels seen in this place.
 G = Mean time per level.
                   A        B        C        D        E       F      G
               +--------+--------+--------+--------+--------+-----+--------+
         Total |  14008 |  13726 |    282 |      0 |  10537 |  14 | 1000.6 |
       Dungeon |  12237 |  11955 |    282 |      0 |   9459 |  12 | 1019.8 |
        Temple |     27 |     27 |      0 |      0 |      0 |   1 |   27.0 |
      Ice Cave |   1743 |   1743 |      0 |      0 |   1078 |   1 | 1743.0 |
               +--------+--------+--------+--------+--------+-----+--------+

Top non-repeatable levels by time:
   IceCv: 1743 daAuts
     D:4: 1467 daAuts
     D:7: 1461 daAuts
     D:8: 1347 daAuts
     D:3: 1344 daAuts
     D:6: 1050 daAuts
     D:9: 972 daAuts
     D:1: 874 daAuts
    D:12: 842 daAuts
    D:11: 819 daAuts
     D:2: 802 daAuts
     D:5: 786 daAuts
    D:10: 469 daAuts
  Temple: 27 daAuts
